 Dungeon Crawl Stone Soup version 0.26-a0-651-gb41185065b (webtiles) character file.

Game seed: 16745412215653500421

(classic levelgen) 17883 EnegeticOcto the Severer (level 12, -8/105 HPs)
             Began as a Deep Dwarf Fighter on Oct 23, 2020.
             Was a Follower of Ru.
             Mangled by a death yak (11 damage)
             ... on level 6 of the Lair of Beasts.
             The game lasted 00:19:02 (2931 turns).

EnegeticOcto the Severer (Deep Dwarf Fighter)       Turns: 2931, Time: 00:19:02

Health: -8/105     AC: 13    Str: 21    XL:     12   Next: 22%
Magic:  1/1        EV:  6    Int: 19    God:    Ru [*.....]
Gold:   305        SH: 12    Dex: 18    Spells: 27/27 levels left

rFire    + . .     SeeInvis .   a - +3 broad axe (flame)
rCold    . . .     Faith    .   c - +1 kite shield
rNeg     . . .     Spirit   .   B - +3 chain mail {rF+}
rPois    .         Reflect  .   y - +0 helmet
rElec    .         Harm     .   (no cloak)
rCorr    .         Rampage  .   (no gloves)
MR       +....                  (no boots)
Stlth    ..........             (no amulet)
HPRegen  0.00/turn              h - +6 ring of dexterity
MPRegen  0.07/turn              F - +6 ring of intelligence

@: mighty, lethally poisoned (-8 -> -8), frozen, non-regenerating, slowed, very
slow
A: damage resistance, heal wounds, sense surroundings 2, no air magic, no hexes
magic, no summoning magic, no regeneration
a: Heal Wounds, Sacrifice Purity, Sacrifice Love, Sacrifice Experience, Reject
Sacrifices, Renounce Religion


You were on level 6 of the Lair of Beasts.
You worshipped Ru.
Ru was aware of your devotion.
You visited 3 branches of the dungeon, and saw 18 of its levels.
You also visited: Volcano.

You collected 452 gold pieces.
You spent 147 gold pieces at shops.

Inventory:

Hand Weapons
 a - a +3 broad axe of flaming (weapon)
 o - the +4 dagger "Hydrabane" {flame, Stlth+}
   (You found it on level 2 of the Lair of Beasts)

   It has been specially enchanted to burn those struck by it, causing extra
   injury to most foes and up to half again as much damage against particularly
   susceptible opponents.
   It makes you more stealthy.
 w - a +1 war axe
Missiles
 A - a throwing net (quivered)
Armour
 b - a +0 scale mail
 c - a +1 kite shield (worn)
 m - a +0 chain mail
 r - a +0 plate armour
 u - a +4 chain mail
 y - a +0 helmet (worn)
 B - a +3 chain mail of fire resistance (worn)
Jewellery
 h - a +6 ring of dexterity (left hand)
 k - an uncursed ring of ice
 E - an uncursed ring of positive energy
 F - a +6 ring of intelligence (right hand)
Wands
 s - a wand of random effects (15)
 x - a wand of iceblast (1) {@v2}
Scrolls
 e - a scroll of remove curse {@r2}
 j - 2 scrolls of blinking
 q - 3 scrolls of teleportation {@r3}
 C - 2 scrolls of magic mapping {@r5}
Potions
 f - a potion of lignification {unknown}
 g - 2 potions of resistance {@q5}
 i - a potion of stabbing {unknown}
 l - 2 potions of degeneration {unknown}
 n - a potion of haste {unknown}
 p - 4 potions of flight {unknown}
 t - a potion of brilliance {unknown}
 v - 2 potions of mutation {unknown}
 z - 2 potions of cancellation {unknown}
 D - a potion of berserk rage {unknown}


   Skills:
 - Level 6.0 Fighting
 - Level 15.6 Axes
 - Level 3.2 Armour
 - Level 7.6 Shields
 + Level 8.1 Spellcasting
 - Level 6.0 Evocations


You had 27 spell levels left.
You didn't know any spells.
Your spell library was empty.

Dungeon Overview and Level Annotations

Branches:
Dungeon (11/15)            Temple (1/1) D:5            Lair (6/6) D:9
  Swamp (0/4) Lair:2        Snake (0/4) Lair:2        Slime (0/5) Lair:6
    Orc (0/2) D:11        Volcano (visited)

Altars:
Ashenzari
Elyvilon
Gozag
Kikubaaqudgha
Ru
Vehumet

Shops:
D:8 }?(


Innate Abilities, Weirdness & Mutations

You are resistant to damage.
You can heal yourself by infusing magical energy.
You passively map the area around you.
You cannot study or cast Air magic.
You cannot study or cast Hexes magic.
You cannot study or cast Summoning magic.
You do not regenerate.


Message History

You slash the elephant! You burn the elephant!
The elephant is moderately wounded.
You slash the plant!
The plant begins to die.
You burn the plant. The elephant barely misses you. x2
You slash the elephant! You burn the elephant.
The elephant is heavily wounded.
You slice the plant!! You burn the plant! The elephant barely misses you.
You block the elephant's attack.
You slice the elephant!! You burn the elephant.
The elephant is almost dead.
You hit the plant but do no damage.
You hear an angry hiss.
The elephant tramples you but does no damage.
You block the elephant's attack.
You hear an angry hiss.
You hear a trumpeting!
You slash the elephant! You burn the elephant.
You kill the elephant!
Your Spellcasting skill increases to level 8!
You slash the plant! You burn the plant.
A nearby plant withers and dies.
A water moccasin comes into view.
The blink frog hits you!
The blink frog blinks!
You barely miss the blink frog.
The blink frog blinks!
You barely miss the water moccasin.
A basilisk comes into view.
The water moccasin bites you but does no damage.
You slash the water moccasin! You burn the water moccasin.
The water moccasin is heavily wounded.
You block the water moccasin's attack. The blink frog hits you.
You slash the water moccasin! You burn the water moccasin.
You kill the water moccasin!
You hit the blink frog. You burn the blink frog.
You block the blink frog's attack.
You hit the basilisk. You burn the basilisk.
The basilisk is lightly wounded.
You slash the blink frog! You burn the blink frog.
You block the blink frog's attack. The basilisk gazes at you.
You resist with almost no effort.
You slash the basilisk! You burn the basilisk.
The basilisk is moderately wounded.
Your shield and chain mail prevent you from hitting the blink frog.
The blink frog blinks!
The basilisk gazes at you. You resist with almost no effort.
You block the blink frog's attack.
You slice the basilisk!! You burn the basilisk.
You kill the basilisk!
You closely miss the blink frog.
The blink frog blinks!
The blink frog hits you.
The blink frog blinks!
Things that are here:
a water moccasin corpse; an elephant corpse An elephant comes into view.
The elephant trumpets!
A rime drake and a torpor snail come into view.
The rime drake hisses angrily.
A cane toad comes into view.
Being near the torpor snail leaves you feeling lethargic.
A death yak comes into view.
The death yak bellows!
The cane toad gives a loud, deep croak!
You hear a bellow!
A death yak comes into view.
The rime drake breathes ice at you. You block the flash freeze.
You block the elephant's attack.
The elephant trunk-slaps you but does no damage.
You block the rime drake's attack. The torpor snail bites you.
You block the cane toad's attack.
The cane toad is stunned by your will and fails to attack.
You block the rime drake's attack. The cane toad stings you!
* * * LOW HITPOINT WARNING * * *
The blink frog blinks!
Your magical essence is drained by the effort!
You feel much better. The rime drake breathes ice at you.
The flash freeze hits you.
You are encased in ice.
The cane toad stings you but does no damage.
The rime drake barely misses you.
You feel very mighty all of a sudden. You block the rime drake's attack.
The death yak gores you!
The rime drake bites you but does no damage.
You slash the death yak! You burn the death yak!
The death yak is moderately wounded.
You slash the rime drake! You burn the rime drake.
The ice encasing you melts away.
You redirect the death yak's attack!
The death yak gores the elephant!!
You block the rime drake's attack.
The rime drake bites you but does no damage.
The elephant trumpets!
The death yak bellows!
You block the blink frog's attack. The torpor snail bites you.
The rime drake is stunned by your will and fails to attack.
The blink frog hits you.
The blink frog blinks!
The death yak gores you!
* * * LOW HITPOINT WARNING * * *
You fail to use your ability.
The blink frog barely misses you. The rime drake breathes ice at you.
The flash freeze hits you!!
* * * LOW HITPOINT WARNING * * *
You are encased in ice.
The death yak gores you!
You die...

, #.#........†###.#*#.PP#
, ,
##.....#.....#.......P# ,
,
*#...§.##.....##......##
, ##.†#####.....##.......
,,
,#...#...#.....##......##
, #P..#...####.## ,....*
, * ,,* #.......# ### *
,, , ##..###F# , * ,* * ,
* #P...k@#, , * , * ,
#....YwY.....# ,, *
#.....F.....## * *, * , *
###...#.....P#* **
##.P###.#..# * , #### .#
..* * , , * #,,. ,* ,, ,
* , * , , * , ,* ** ,,


You could see a death yak, an elephant, a torpor snail, a cane toad, a blink
frog and a rime drake (catching breath).

Vanquished Creatures
  A hydra (Lair:4)
  A two-headed ogre (D:11)
  Urug (D:11)
  2 lindwurms (Volcano)
  7 elephants
  2 black mambas
  3 molten gargoyles (Volcano)
  A centaur skeleton (D:10)
  5 cane toads
  2 efreet (Volcano)
  A komodo dragon (Lair:3)
  A polar bear (Lair:5)
  A dream sheep (Lair:5)
  5 blink frogs (Lair:2)
  2 hippogriffs
  17 yaks
  3 basilisks
  A vampire (D:11)
  10 water moccasins
  An orc warrior (D:8)
  6 porcupines
  An ice beast (D:9)
  A sky beast (D:6)
  A black bear (D:11)
  4 ogres
  2 centaurs (D:9)
  8 crocodiles
  8 bullfrogs
  3 earth elementals (Volcano)
  A gnoll sergeant (D:9)
  6 killer bees (D:8)
  A jelly (D:9)
  3 hounds
  3 orc priests
  3 iguanas
  A worker ant (D:11)
  A hell rat (Lair:6)
  5 orc wizards
  3 adders
  4 gnolls (D:9)
  A white imp (D:6)
  An ooze (D:3)
  A dart slug (D:3)
  3 leopard geckos
  15 orcs
  A bat (D:2)
  A giant cockroach (D:6)
  A goblin (D:2)
  A hobgoblin (D:1)
  6 jackals
  3 quokkas
  A ball python (D:6)
  2 frilled lizards
  2 kobolds
  3 rats (D:2)
174 creatures vanquished.

Vanquished Creatures (others)
  A gnoll (D:9)
  14 fungi
  14 plants
29 creatures vanquished.

Grand Total: 203 creatures vanquished

Notes
Turn   | Place    | Note
-------+----------+-------------------------------------------
     0 | D:1      | EnegeticOcto the Deep Dwarf Fighter began the quest for the
                  | Orb.
     0 | D:1      | Reached XP level 1. HP: 20/20 MP: 1/1
   110 | D:2      | Reached skill level 3 in Axes
   110 | D:2      | Reached XP level 2. HP: 24/27 MP: 2/2
   167 | D:2      | Reached XP level 3. HP: 23/33 MP: 3/3
   238 | D:3      | Reached skill level 4 in Axes
   589 | D:5      | Entered Level 5 of the Dungeon
   641 | D:5      | Found a staircase to the Ecumenical Temple.
   651 | Temple   | Entered the Ecumenical Temple
   658 | Temple   | Became a worshipper of Ru the Awakened
   710 | D:5      | Reached XP level 4. HP: 29/40 MP: 4/4
   719 | D:5      | Reached skill level 5 in Axes
   719 | D:5      | Reached skill level 1 in Spellcasting
   743 | D:6      | Reached XP level 5. HP: 39/49 MP: 6/6
   761 | D:6      | Reached XP level 6. HP: 40/56 MP: 8/8
   818 | D:6      | Noticed a sky beast
   831 | D:6      | Reached skill level 6 in Axes
   855 | D:6      | Killed a sky beast
   894 | D:7      | Reached XP level 7. HP: 44/64 MP: 10/10
   953 | D:8      | Reached skill level 7 in Axes
  1005 | D:7      | Found a radiant altar of Vehumet.
  1015 | D:8      | Found Geuzomigall's Magic Scroll Boutique.
  1019 | D:8      | Found Lydoiczu's Gadget Shop.
  1056 | D:8      | Reached skill level 8 in Axes
  1061 | D:8      | Reached XP level 8. HP: 32/73 MP: 7/7
  1068 | D:8      | Bought a scroll of blinking for 105 gold pieces
  1068 | D:8      | Bought a scroll of teleportation for 42 gold pieces
  1102 | D:8      | Found Gupoy's Weapon Shop.
  1175 | D:10     | Entered Level 10 of the Dungeon
  1217 | D:10     | Gained mutation: You cannot study or cast Air magic. [Ru
                  | sacrifice]
  1217 | D:10     | Gained mutation: You cannot study or cast Hexes magic. [Ru
                  | sacrifice]
  1217 | D:10     | Gained mutation: You cannot study or cast Summoning magic.
                  | [Ru sacrifice]
  1217 | D:10     | Reached * piety under Ru
  1241 | D:9      | Reached skill level 5 in Fighting
  1268 | D:11     | Reached skill level 9 in Axes
  1316 | D:11     | Noticed a two-headed ogre
  1318 | D:11     | Noticed Urug
  1333 | D:11     | Killed a two-headed ogre
  1350 | D:11     | Killed Urug
  1350 | D:11     | Reached skill level 11 in Axes
  1350 | D:11     | Gained mutation: You passively map the area around you.
                  | [Deep Dwarf growth]
  1350 | D:11     | Reached XP level 9. HP: 32/82 MP: 5/5
  1477 | D:9      | Reached skill level 12 in Axes
  1535 | D:9      | Reached skill level 1 in Evocations
  1595 | D:9      | Found a staircase to the Lair.
  1622 | Lair:1   | Entered Level 1 of the Lair of Beasts
  1630 | Lair:1   | Reached XP level 10. HP: 45/91 MP: 3/5
  1640 | Lair:1   | Reached skill level 13 in Axes
  1973 | Lair:2   | Reached skill level 5 in Shields
  2011 | Lair:2   | Got a fine dagger
  2011 | Lair:2   | Identified the +4 dagger "Hydrabane" {flame, Stlth+} (You
                  | found it on level 2 of the Lair of Beasts)
  2016 | Lair:2   | Found a dark tunnel.
  2017 | Lair:2   | Noticed a cane toad
  2034 | Lair:2   | Killed a cane toad
  2038 | Volcano  | Entered a volcano
  2049 | Volcano  | Noticed a molten gargoyle
  2089 | Volcano  | Killed a molten gargoyle
  2089 | Volcano  | Reached skill level 5 in Evocations
  2099 | Volcano  | Noticed a lindwurm
  2099 | Volcano  | Noticed a lindwurm
  2099 | Volcano  | Noticed a molten gargoyle
  2112 | Volcano  | Killed a molten gargoyle
  2119 | Volcano  | Killed a lindwurm
  2119 | Volcano  | Reached skill level 14 in Axes
  2119 | Volcano  | Killed a lindwurm
  2119 | Volcano  | Reached XP level 11. HP: 47/97 MP: 1/3
  2182 | Volcano  | Reached skill level 5 in Spellcasting
  2257 | Lair:2   | Found a staircase to the Snake Pit.
  2441 | Lair:3   | Reached skill level 15 in Axes
  2507 | Lair:4   | Noticed a five-headed hydra
  2517 | Lair:4   | Killed a one-headed hydra
  2803 | Lair:5   | Reached XP level 12. HP: 38/105 MP: 1/1
  2857 | Lair:6   | Entered Level 6 of the Lair of Beasts
  2923 | Lair:6   | Noticed a death yak
  2923 | Lair:6   | Noticed a death yak
  2931 | Lair:6   | HP: 3/105 [rime drake/flash freeze (23)]
  2931 | Lair:6   | Mangled by a death yak

Illustrated notes

Levels and vault maps discovered:
D:1:      dpeg_arrival_oval, layout_rooms
D:2:      layout_loops_ring
D:3:      layout_loops_corners, nicolae_qazlal_eye_of_the_storm
D:4:      layout_gridville, serial_shops, nicolae_shop_behind_doors
D:5:      layout_rooms, temple_hall
D:6:      layout_basic, uniq_prince_ribbit1
D:7:      minmay_inner_zag, layout_basic, vehumet_altar_wand_db
D:8:      layout_loops_ring, gammafunk_ghost_hydra_chop, serial_shops, shop,
          shop, kennysheep_mini_moat, nicolae_shop_stone, shop
D:9:      kennysheep_steamy, layout_basic, okawaru_trees_2, lair_entry_dummy,
          hangedman_decor_peaks_small, chequers_serial_rivers_small_b,
          minivault_26
D:10:     layout_cave_pods, grunt_ministairs_14, introduction_to_nature_2
D:11:     layout_basic, orc_0_dummy, serial_rivers,
          chequers_serial_rivers_small_b, chequers_serial_rivers_micro_b,
          chequers_serial_rivers_small_b, chequers_serial_rivers_micro_c,
          chequers_serial_rivers_small_b, chequers_serial_rivers_room_a,
          david_greed, uniq_nergalle, uniq_urug
Temple:   nicolae_temple_the_god_donut
Lair:1:   minmay_guarded_unrand_snakebite, layout_regular_city, minivault_24,
          lemuel_fruit_tree, grunt_megastairs_2
Lair:2:   layout_chaotic_city, palyth_hydra_swamp_entry,
          guppyfry_snake_entry_island, nicolae_volcano_entry_lava_flow
Lair:3:   layout_chaotic_city, grunt_megastairs_5
Lair:4:   layout_big_grid
Lair:5:   gammafunk_lair_enchanted_lake, layout_gridlike
Lair:6:   hangedman_lair_caniforms_friends, layout_regular_city,
          hangedman_lair_in_review, slime_altar_1, serial_bayou_shore_a

Skill      XL: |  1  2  3  4  5  6  7  8  9 10 11 12 |
---------------+-------------------------------------+-----
Axes           | 3 4 5 6 8 11 12 14 15 | 15.6
Fighting       | 3 4 6 |  6.0
Spellcasting   | 1 2 3 4 6 8 |  8.1
Evocations     | 2 5 6 |  6.0
Shields        | 6 7 |  7.6
Armour         | |  3.2

Action                   |  1- 3 |  4- 6 |  7- 9 | 10-12 || total
-------------------------+-------+-------+-------+-------++-------
Melee: War axe           |    49 |    53 |   181 |   181 ||   464
       Broad axe         |       |       |       |   198 ||   198
Invok: Sacrifice Arcana  |       |       |     1 |       ||     1
 Abil: Heal Wounds       |     1 |     9 |    33 |    29 ||    72
Evoke: Wand              |       |     4 |    13 |    10 ||    27
  Use: Scroll            |     7 |       |     3 |     6 ||    16
       Potion            |       |       |       |    10 ||    10
 Stab: Distracted        |       |       |       |     1 ||     1
Armor: Scale mail        |    30 |       |       |       ||    30
       Chain mail        |    14 |    75 |    69 |   138 ||   296
       Plate armour      |       |       |   129 |       ||   129
Dodge: Dodged            |    35 |    31 |    73 |    64 ||   203
Block: Kite shield       |    49 |    54 |   202 |   202 ||   507

Table legend: (Time is in decaauts)
 A = Elapsed time spent in this place.
 B = Non-inter-level travel time spent in this place.
 C = Inter-level travel time spent in this place.
 D = Time resting spent in this place.
 E = Time spent auto-exploring this place.
 F = Levels seen in this place.
 G = Mean time per level.
                   A        B        C        D        E       F      G
               +--------+--------+--------+--------+--------+-----+--------+
         Total |   2962 |   2839 |    123 |      0 |      0 |  19 |  155.9 |
       Dungeon |   1669 |   1585 |     84 |      0 |      0 |  11 |  151.7 |
        Temple |     14 |     14 |      0 |      0 |      0 |   1 |   14.0 |
          Lair |   1118 |   1079 |     39 |      0 |      0 |   6 |  186.3 |
       Volcano |    159 |    159 |      0 |      0 |      0 |   1 |  159.0 |
               +--------+--------+--------+--------+--------+-----+--------+

Top non-repeatable levels by time:
     D:3: 368 daAuts
  Lair:2: 357 daAuts
     D:9: 273 daAuts
  Lair:4: 254 daAuts
  Lair:3: 231 daAuts
     D:8: 222 daAuts
 Volcano: 159 daAuts
     D:5: 157 daAuts
     D:6: 130 daAuts
    D:11: 125 daAuts
  Lair:1: 114 daAuts
    D:10: 107 daAuts
     D:1: 104 daAuts
     D:2: 91 daAuts
  Lair:5: 88 daAuts
